Map: Dusk Towers

Players

Grumm - Winner!

  • Race: Protoss Protoss
  • League: Gold

lIIIlIIIlIII

  • Race: Terran Terran
  • League: Platinum

VOD

Have the link to the VOD?

Description

Time

  • Played on: Jan. 27, 2016, 5:41 p.m.
  • Length: 19:32
Show
View Real Time Build Order
Export as new Build Order

Grumm Protoss - Winner!

Build Orders: 1 Gate Expand 

Get SALT Encoding   

  12  0:01  Probe (Chrono Boost)  
  13  0:11  Probe (Chrono Boost)  
  14  0:22  Probe (Chrono Boost)  
  14  0:23  Pylon  
  15  0:41  Gateway, Probe (Chrono Boost)  
  16  0:49  Assimilator  
  16  0:52  Probe (Chrono Boost)  
  17  1:13  Gateway  
  17  1:15  Probe (Chrono Boost)  
  18  1:32  Nexus  
  18  1:37  Probe (Chrono Boost)  
  19  1:46  Cybernetics Core  
  19  1:58  Pylon  
  19  2:05  Probe (Chrono Boost)  
  20  2:19  Probe (Chrono Boost)  
  21  2:23  Adept  
  21  2:26  Stalker  
  25  2:30  Warp Gate (Chrono Boost)  
  25  2:33  Assimilator  
  25  2:38  Pylon  
  24  2:47  Assimilator, Probe x2 (Chrono Boost)  
  26  3:01  Zealot  
  26  3:04  Probe (Chrono Boost), Stalker  
  31  3:08  Probe (Chrono Boost)  
  32  3:22  Pylon  
  32  3:25  Probe  
  32  3:26  Robotics Facility  
  33  3:42  Probe  
  33  3:46  Assimilator, Probe  
  35  3:50  Forge  
  35  3:53  Probe  
  36  4:15  Probe  
  36  4:17  Probe  
  36  4:20  Immortal  
  42  4:26  Probe  
  42  4:29  Probe  
  40  4:45  Stalker x2  
  40  4:47  Probe  
  40  4:48  Probe  
  42  4:57  Probe  
  43  5:04  Probe  
  44  5:07  Nexus  
  44  5:08  Probe (Chrono Boost)  
  44  5:09  Pylon, Zealot  
  44  5:10  Zealot  
  44  5:11  Warp Prism  
  51  5:18  Probe (Chrono Boost)  
  51  5:19  Protoss Ground Weapons Level 1  
  51  5:20  Probe (Chrono Boost)  
  53  5:25  Pylon  
  53  5:29  Mothership Core (Chrono Boost)  
  53  5:30  Probe (Chrono Boost)  
  53  5:31  Sentry  
  56  5:47  Zealot  
  54  6:06  Immortal  
  54  6:07  Probe (Chrono Boost)  
  59  6:17  Stalker  
  57  6:34  Photon Cannon  
  57  6:37  Photon Cannon  
  57  6:42  Probe x2 (Chrono Boost), Photon Cannon  
  57  6:44  Pylon  
  57  6:45  Gateway  
  57  6:47  Gateway  
  59  6:48  Probe (Chrono Boost)  
  59  6:51  Gateway  
  59  6:52  Probe x2 (Chrono Boost)  
  62  6:57  Adept x2  
  62  6:59  Probe (Chrono Boost)  
  65  7:15  Immortal (Chrono Boost)  
  67  7:26  Protoss Ground Armor Level 1  
  63  7:30  Stalker  
  63  7:31  Stalker  
  67  7:46  Zealot x2  
  67  7:50  Probe  
  69  7:51  Probe, Photon Cannon  
  69  7:53  Observer (Chrono Boost)  
  72  7:59  Photon Cannon  
  72  8:01  Probe  
  72  8:02  Gateway  
  72  8:03  Probe  
  74  8:12  Photon Cannon  
  74  8:16  Assimilator  
  74  8:20  Assimilator  
  74  8:23  Pylon, Photon Cannon  
  74  8:25  Pylon  
  74  8:29  Zealot x2  
  74  8:30  Zealot x3  
  73  8:53  Zealot  
  73  8:54  Stalker  
  73  8:57  Stalker x3  
  75  9:14  Zealot  
  75  9:18  Observer (Chrono Boost)  
  76  9:33  Probe  
  76  9:35  Zealot  
  76  9:36  Zealot x4  
  87  9:45  Probe  
  88  9:48  Robotics Bay  
  88  9:50  Pylon  
  88  9:52  Stargate  
  88  9:53  Stargate  
  88  9:58  Stalker x3  
  88  9:59  Stalker  
  95  10:18  Stalker  
  90  10:26  Stalker x4, Photon Cannon  
  80  10:43  Zealot  
  74  10:58  Stalker x3  
  74  10:59  Stalker  
  80  11:04  Probe  
  80  11:06  Probe  
  82  11:12  Zealot  
  82  11:17  Void Ray x2 (Chrono Boost)  
  92  11:25  Zealot x5  
  102  11:30  Observer (Chrono Boost)  
  101  11:40  Robotics Facility  
  101  11:41  Extended Thermal Lance  
  101  11:44  Pylon, Probe x2  
  103  11:58  Void Ray x2 (Chrono Boost)  
  91  12:28  Observer  
  91  12:34  Zealot  
  91  12:36  Zealot x2  
  91  12:37  Zealot x3  
  99  12:54  Void Ray x2 (Chrono Boost)  
  107  13:12  Nexus  
  107  13:20  Pylon  
  87  13:40  Zealot x3  
  87  13:41  Zealot x3, Immortal  
  81  14:11  Stalker x5  
  81  14:12  Stalker  
  93  14:28  Colossus  
  87  14:34  Zealot x4  
  87  14:35  Zealot x2  
  101  14:39  Protoss Shields Level 1  
  101  14:50  Pylon  
  101  14:52  Pylon  
  101  14:55  Nexus  
  101  14:56  Pylon  
  101  15:00  Stalker  
  101  15:02  Stalker x4  
  101  15:06  Void Ray x2 (Chrono Boost)  
  119  15:12  Photon Cannon  
  119  15:15  Photon Cannon  
  119  15:16  Photon Cannon  
  119  15:18  Assimilator  
  119  15:23  Assimilator  
  119  15:24  Stalker x2  
  119  15:25  Zealot x2, Photon Cannon  
  121  16:13  Stalker x6  
  96  17:15  Stalker x5  
  96  17:57  Stalker  
  96  17:58  Stalker x4  
  102  17:59  Stalker  
  102  18:02  Void Ray (Chrono Boost)  
  112  18:26  Observer  
Show
View Real Time Build Order
Export as new Build Order

lIIIlIIIlIII Terran 

Build Orders: Command Center First (CC), MMM Bio 

Get SALT Encoding   

  12  0:04  SCV  
  13  0:16  SCV  
  13  0:20  Supply Depot  
  15  0:28  SCV  
  15  0:42  SCV  
  16  0:54  SCV  
  17  1:01  Command Center  
  17  1:07  SCV  
  18  1:17  Barracks  
  18  1:20  SCV  
  19  1:26  Refinery  
  19  1:32  SCV  
  20  1:35  Refinery  
  20  1:42  Supply Depot  
  20  1:45  SCV  
  21  1:57  SCV  
  22  2:06  Marine  
  23  2:10  Orbital Command  
  23  2:19  Orbital Command  
  23  2:32  Barracks Reactor  
  23  2:39  SCV  
  23  2:40  Factory  
  24  2:46  SCV  
  24  2:51  SCV  
  26  2:55  Barracks  
  26  2:58  SCV  
  27  3:02  Barracks  
  27  3:06  SCV  
  27  3:08  Marine  
  27  3:10  SCV  
  27  3:11  Marine  
  31  3:18  SCV  
  32  3:23  Refinery x2, SCV  
  32  3:25  Factory Tech Lab  
  33  3:30  SCV  
  33  3:32  Marine  
  33  3:33  Marine  
  36  3:37  SCV  
  37  3:41  Supply Depot  
  37  3:42  SCV  
  37  3:43  Marine  
  39  3:50  Marine x3  
  39  3:54  Supply Depot  
  41  4:02  Widow Mine  
  41  4:09  SCV x2  
  42  4:17  Marine x4  
  42  4:21  SCV x2  
  45  4:26  Supply Depot  
  42  4:33  SCV  
  42  4:35  Marine  
  42  4:36  Marine x3  
  46  4:41  Supply Depot  
  46  4:51  SCV x2  
  48  4:53  Siege Tank  
  51  5:00  Barracks Tech Lab  
  51  5:02  Barracks Tech Lab  
  51  5:03  SCV x2  
  53  5:09  Marine x2  
  55  5:15  SCV  
  55  5:16  Starport, SCV  
  55  5:20  Marine  
  58  5:22  Stimpack  
  58  5:23  Combat Shields  
  58  5:26  Marine  
  58  5:27  Marine  
  58  5:28  SCV  
  61  5:30  SCV  
  61  5:33  Widow Mine  
  61  5:35  Marine  
  65  5:40  SCV  
  65  5:43  SCV  
  65  5:45  Supply Depot  
  62  5:51  Marine x3  
  62  5:53  Marine  
  65  6:09  Marine x2  
  67  6:12  Marine  
  67  6:13  Marine  
  67  6:14  Siege Tank  
  62  6:27  Marine  
  62  6:31  Barracks  
  62  6:32  Starport Reactor, Barracks  
  63  6:37  Starport, Factory  
  63  6:38  Supply Depot x2  
  63  6:40  Supply Depot  
  63  6:41  SCV x2  
  65  6:47  Marine x3  
  65  6:50  Marine  
  69  7:05  Marine x2  
  69  7:06  Marine  
  69  7:08  Marine  
  55  7:17  Marine  
  50  7:23  Marine x2  
  50  7:24  Marine  
  50  7:26  Marine  
  50  7:37  Barracks Reactor  
  50  7:39  Barracks Reactor  
  50  7:40  SCV x2  
  51  7:44  Marine  
  51  7:45  Marine x2  
  51  7:46  Marine  
  51  7:47  Factory Reactor  
  51  7:48  Siege Tank  
  51  7:49  Medivac x2  
  51  7:50  Starport Tech Lab  
  62  7:52  SCV x2  
  62  7:57  Engineering Bay  
  62  7:58  Engineering Bay  
  64  8:03  Marauder, Marine x2  
  64  8:04  Marine, SCV x2  
  71  8:10  Raven  
  73  8:20  Marine x4  
  73  8:21  Marine x3  
  73  8:24  Medivac x2, Marine  
  83  8:40  Marine  
  83  8:41  Marine x6  
  87  8:54  Widow Mine x2, Marine  
  87  8:55  Widow Mine  
  88  8:58  Medivac x2, Banshee  
  95  9:05  Marine  
  95  9:06  Marine x6  
  87  9:19  Marine  
  87  9:23  Marine x2  
  87  9:24  Marine x3  
  92  9:32  Marine x2  
  92  9:33  Widow Mine x3  
  92  9:37  Marine  
  101  9:53  Marine  
  102  10:09  Marine x2  
  102  10:16  Marine x4  
  102  10:21  Marine  
  102  10:24  Marine  
  102  10:26  Liberator  
  102  10:27  Marine  
  102  10:30  Marine  
  102  10:33  Marine  
  102  10:34  Marauder  
  102  10:35  Marine  
  102  10:37  Marine  
  102  10:39  Marine  
  100  10:49  Marine  
  92  10:50  Marine x2  
  92  10:51  Marine  
  92  10:53  Widow Mine x3, Marine  
  92  10:56  Marine  
  102  10:59  Marine  
  102  11:03  Command Center  
  102  11:04  Marine  
  102  11:07  Marine x2  
  102  11:08  Marine  
  102  11:09  Marine  
  102  11:11  Marine  
  99  11:13  Marine  
  99  11:17  Marine  
  102  11:31  Supply Depot x2  
  102  11:44  Terran Infantry Armor Level 1, Terran Infantry Weapons Level 1  
  102  11:49  Supply Depot  
  102  11:52  Marine x5  
  102  11:53  Marine x3, SCV x2  
  93  12:10  Marine x3  
  85  12:19  Marine x5  
  89  12:28  Marine x3  
  89  12:29  Orbital Command  
  89  12:31  SCV x2  
  89  12:35  Widow Mine x2  
  89  12:36  Widow Mine  
  89  12:37  Marine x4  
  97  12:40  Medivac  
  97  12:43  SCV x2  
  100  12:46  Marine  
  99  12:55  SCV x2  
  99  12:57  Armory  
  100  13:04  Refinery x2  
  100  13:09  Command Center  
  100  13:11  Marine  
  100  13:12  Marine x3  
  104  13:18  Marine x3  
  100  13:27  Marine  
  100  13:29  Marine x3  
  100  13:30  Marine  
  83  13:36  Marine x3  
  83  13:38  Widow Mine  
  84  13:45  Widow Mine x2, Marine  
  84  13:47  Marine x4  
  93  13:54  Marine x3  
  87  14:05  Marine x3  
  87  14:06  Marine x2  
  89  14:20  Barracks x2  
  89  14:21  Medivac x3, Barracks  
  89  14:22  Widow Mine x2  
  89  14:23  Widow Mine  
  99  14:24  Marine x3  
  99  14:25  Marine  
  82  14:42  Marine x6  
  82  14:43  Marine x2  
  86  14:50  Terran Infantry Weapons Level 2, Terran Infantry Armor Level 2  
  86  14:58  Planetary Fortress  
  86  14:59  Marine  
  86  15:01  Medivac x3  
  86  15:02  Widow Mine  
  95  15:19  Command Center  
  95  15:27  Liberator  
  95  15:36  Marine x2  
  95  15:37  Marine x2, Barracks Reactor x3  
  95  15:38  Marine x2  
  101  15:44  Medivac, Viking  
  107  15:52  Marine x2  
  107  15:54  Marine x4  
  107  15:56  Marine  
  107  15:57  Marine  
  108  16:10  Marine x2  
  98  16:14  Medivac, Viking  
  97  16:24  Marine x6  
  97  16:25  Marine x3  
  105  16:28  Marine  
  97  16:37  Marine  
  97  16:38  Marine x3  
  77  16:55  Marine x6  
  77  16:56  Marine x6  
  74  17:12  Viking x2  
  74  17:13  Viking, Marine x5  
  75  17:19  Marine x3  
  45  18:15  Marine  
  45  18:19  Marine  
  43  18:47  Marine x5  
  49  18:55  Missile Turret x2  
  49  18:57  Missile Turret  
  48  19:04  Marine x2  
  48  19:05  Marine x2  
  52  19:23  Missile Turret x3  
Tags
 
Add a new tag
Caveats
  • Supply blocks, unpowered buildings, or Contaminate may cause inaccurate times.
  • Supply counts are checked every 10 seconds.